 Dungeon Crawl Stone Soup version 0.30-a0-339-g89bb51ec76 (webtiles) character file.

Game seed: 17956554860265317124

1055 PimpSugar the Magician (level 8, -9/57 HPs)
             Began as a Demonspawn Hedge Wizard on Oct 31, 2022.
             Was an Initiate of Vehumet.
             Killed from afar by a steam dragon (11 damage)
             ... with a ball of steam
             ... on level 5 of the Dungeon.
             The game lasted 00:25:57 (5829 turns).

PimpSugar the Magician (Demonspawn Hedge Wizard)    Turns: 5829, Time: 00:25:58

Health: -9/57      AC:  5    Str: 10    XL:     8   Next: 5%
Magic:  13/15      EV: 12    Int: 17    God:    Vehumet [......]
Gold:   233        SH:  0    Dex: 14    Spells: 8/16 levels left

rFire   . . .      SeeInvis .    v - staff of earth
rCold   . . .      Faith    .    (no shield)
rNeg    . . .      Spirit   .    k - +0 leather armour
rPois   .          Reflect  .    c - +0 hat
rElec   .          Harm     .    f - +1 cloak
rCorr   .          Rampage  .    (no gloves)
Will    .....                    (no boots)
Stlth   ++........               (no amulet)
HPRegen 0.29/turn                (no ring)
MPRegen 0.14/turn                (no ring)

@: mighty
A: horns 1, powered by pain 1, spiny 1
a: Renounce Religion


You were on level 5 of the Dungeon.
You worshipped Vehumet.
Vehumet was noncommittal.
You visited 2 branches of the dungeon, and saw 7 of its levels.

You collected 296 gold pieces.
You spent 63 gold pieces at shops.

Inventory:

Hand Weapons
 a - a +0 dagger
 h - a +1 hand axe of flaming
 o - a +0 sling
 q - a +0 whip
 F - a +3 sling
Missiles
 e - 65 stones
 x - 4 poisoned darts
 B - 6 javelins (quivered)
Armour
 b - a +0 robe
 c - a +0 hat (worn)
 f - a +1 cloak (worn)
 k - a +0 leather armour (worn)
 u - a +0 cloak
Magical Staves
 v - a staff of earth (weapon)
Wands
 m - a wand of charming (11)
Scrolls
 s - a scroll of magic mapping
 w - a scroll of immolation
 y - a scroll of butterflies
 C - 2 scrolls of amnesia {unknown}
 D - a scroll of poison {unknown}
Potions
 d - a potion of magic
 g - a potion of resistance {unknown}
 i - 2 potions of might
 j - a potion of mutation {unknown}
 l - 2 potions of heal wounds {unknown}
 n - a potion of haste {unknown}
 p - a potion of berserk rage {unknown}
 r - 2 potions of attraction
 t - a potion of flight {unknown}
 A - a potion of lignification {unknown}
 E - a potion of cancellation {unknown}


   Skills:
 + Level 2.4 Fighting
 + Level 2.0 Staves
 + Level 3.1 Dodging
 - Level 1.7 Stealth
 * Level 4.7 Spellcasting
 * Level 3.7 Conjurations
 + Level 2.7 Summonings
 + Level 2.4 Translocations
 + Level 2.0 Air Magic
 + Level 1.8 Earth Magic
 + Level 2.2 Evocations


You had 8 spell levels left.
You knew the following spells:

 Your Spells              Type           Power      Damage    Failure   Level
a - Magic Dart            Conj           64%        1d6       4%          1
b - Call Imp              Summ           13%        N/A       10%         2
c - Shock                 Conj/Air       52%        1d6       6%          1
d - Iskenderun's Mystic   Conj/Tloc      14%        2d5       50%         4

Your spell library contained the following spells:

 Spells                   Type           Power      Damage    Failure   Level
 Blink                    Tloc           24%        N/A       11%         2
 Slow                     Hex            16%        N/A       21%         1
 Cigotuvi's Dreadful Rot  Necr/Pois/Air  12%        N/A       22%         2
 Mephitic Cloud           Conj/Pois/Air  10%        N/A       26%         3
 Swiftness                Air            10%        N/A       26%         3
 Dazzling Flash           Conj/Hex       20%        N/A       28%         3
 Passage of Golubria      Tloc           12%        N/A       56%         4
 Airstrike                Air            5%         2d(1-17)  65%         4
 Silence                  Hex/Air        3%         N/A       98%         5
 Starburst                Conj/Fire      5%         6d4       100%        6
 Lehudib's Crystal Spear  Conj/Erth      10%        10d4      100%        8


Dungeon Overview and Level Annotations

Branches:
Dungeon (6/15)             Temple (1/1) D:5

Altars:
Ashenzari
Fedhas
Gozag
Kikubaaqudgha
Makhleb
Okawaru
Sif Muna
Trog
Vehumet
Wu Jian
Xom

Shops:
D:5 *


Innate Abilities, Weirdness & Mutations

You have a pair of small horns on your head.
You sometimes gain a little power by taking damage.
You are partially covered in sharp spines.


Message History

Your butterfly disappears in a burst of colours!
Your butterfly is engulfed in a cloud of scalding steam.
Your butterfly dies!
Your butterfly disappears in a burst of colours!
Your butterfly is engulfed in a cloud of scalding steam.
Your butterfly dies!
Your butterfly disappears in a burst of colours!
You swap places.
Your butterfly is engulfed in a cloud of scalding steam.
Your butterfly dies!
Your butterfly disappears in a burst of colours!
Your butterfly is engulfed in a cloud of scalding steam.
Your butterfly dies!
Your butterfly disappears in a burst of colours!
Your butterfly is engulfed in a cloud of scalding steam.
Your butterfly dies!
Your butterfly disappears in a burst of colours!
Your butterfly is engulfed in a cloud of scalding steam.
Your butterfly dies!
Your butterfly disappears in a burst of colours!
The steam dragon breathes steam at you. The ball of steam hits your butterfly!!
Your butterfly dies!
Your butterfly disappears in a burst of colours!
The ball of steam misses you.
Your butterfly is engulfed in a cloud of scalding steam.
Your butterfly dies!
Your butterfly disappears in a burst of colours!
Your butterfly is engulfed in a cloud of scalding steam.
Your butterfly dies!
Your butterfly disappears in a burst of colours!
Your butterfly is engulfed in a cloud of scalding steam.
Your butterfly dies!
Your butterfly disappears in a burst of colours!
Your butterfly is engulfed in a cloud of scalding steam.
Your butterfly dies!
Your butterfly disappears in a burst of colours!
The steam dragon breathes steam at you. The ball of steam hits you!
You die...

..........#...#....#.....#....#..
..........#...'....#.....'....#..
#####..##.##..#....#....##....#..
#.###..#####..#.b.b#....#.....#..
........#b....+....'....#......#.
........#...b.#b...#....#....#...
<.##..###.##b##bbb.####'#....).#.
..#######.##b.##'#....#.####)#...
####...#.b.bb.§.@#....#...###).#.
.......#..bb..§§.#....#...# ##)..
.......#.....Db§§#....#...## #...
.###.#######...###....#....# ##..
.###.###..#########'#....### ###
.....'..........#...#....#
.....#..........'...#....#
.....#..........#...#....#
.....#..........#...+....#


You could see a steam dragon (catching breath, ally target).

Vanquished Creatures
  2 ice beasts (D:5)
  A black bear (D:5)
  A necrophage (D:5)
  2 scorpions
  2 hounds
  2 orc priests
  3 iguanas
  4 orc wizards
  5 adders
  3 gnolls (D:5)
  3 worms (D:4)
  3 dart slugs
  18 orcs
  2 bats
  8 endoplasms
  7 giant cockroaches
  5 hobgoblins
  A kobold (D:1)
  4 quokkas
  10 ball pythons
  8 frilled lizards (D:1)
  6 goblins
  5 rats
105 creatures vanquished.

Vanquished Creatures (collateral kills)
  A necrophage (D:3)
  An orc wizard (D:4)
  Terence (D:2)
  A gnoll (D:5)
  An ufetubus (D:5)
  2 orcs
  A quokka (D:5)
8 creatures vanquished.

Grand Total: 113 creatures vanquished

Notes
Turn   | Place    | Note
-------+----------+-------------------------------------------
     0 | D:1      | PimpSugar the Demonspawn Hedge Wizard began the quest for
                  | the Orb.
     0 | D:1      | Reached XP level 1. HP: 13/13 MP: 4/4
    36 | D:1      | Reached skill level 1 in Translocations
   202 | D:1      | Gained mutation: You sometimes gain a little power by
                  | taking damage. [demonic ancestry]
   202 | D:1      | Reached XP level 2. HP: 19/19 MP: 3/6
   766 | D:2      | Noticed Terence
   770 | D:2      | Learned a level 2 spell: Call Imp
   775 | D:2      | Killed Terence
   776 | D:2      | Reached skill level 1 in Fighting
   776 | D:2      | Gained mutation: You are partially covered in sharp spines.
                  | [demonic ancestry]
   776 | D:2      | Reached XP level 3. HP: 10/26 MP: 7/7
  1564 | D:3      | Learned a level 1 spell: Shock
  1789 | D:3      | Gained mutation: You have a pair of small horns on your
                  | head. [demonic ancestry]
  1789 | D:3      | Reached XP level 4. HP: 30/32 MP: 9/9
  1800 | D:3      | Found an ancient bone altar of Kikubaaqudgha.
  2418 | D:3      | Learned a level 4 spell: Iskenderun's Mystic Blast
  2504 | D:4      | Noticed a necrophage
  2530 | D:3      | Killed a necrophage
  2531 | D:3      | Reached skill level 1 in Evocations
  2531 | D:3      | Reached XP level 5. HP: 27/37 MP: 4/10
  2735 | D:4      | Reached skill level 1 in Staves
  2883 | D:4      | Reached skill level 4 in Spellcasting
  2883 | D:4      | Reached XP level 6. HP: 25/43 MP: 7/12
  3644 | D:4      | Reached skill level 1 in Air Magic
  3789 | D:4      | Found a shimmering blue altar of Sif Muna.
  3805 | D:4      | Reached skill level 1 in Earth Magic
  3929 | D:5      | Entered Level 5 of the Dungeon
  3937 | D:5      | Reached XP level 7. HP: 30/49 MP: 11/13
  4204 | D:5      | Found Reho's Specific Store.
  4205 | D:5      | Found Pudigguq's General Store.
  4300 | D:5      | Bought a scroll of identify for 28 gold pieces
  4304 | D:5      | Bought a +0 whip for 35 gold pieces
  4875 | D:5      | Found a staircase to the Ecumenical Temple.
  5020 | D:5      | Reached XP level 8. HP: 39/57 MP: 15/15
  5399 | Temple   | Entered the Ecumenical Temple
  5526 | Temple   | Became a worshipper of Vehumet
  5825 | D:5      | HP: 1/57 [steam dragon/ball of steam (17)]
  5829 | D:5      | Killed from afar by a steam dragon

Illustrated notes

Levels and vault maps discovered:
D:1:      dpeg_arrival_rooms_c, layout_basic, chequers_serial_rivers_marsh,
          minmay_lizard_pond
D:2:      minmay_door_path, layout_rooms, minmay_misc_feat_x, uniq_terence
D:3:      layout_loops_ring, mainiacjoe_overflow_concentric_impassable
D:4:      layout_loops_ring, led_sif_book, minmay_misc_feat_tower,
          nicolae_wormholes
D:5:      layout_gridville, minmay_temple_entry_purple_smoke, hex_tiny,
          nicolae_specific_store
D:6:      layout_basic, minmay_overflow_temple_star_quad,
          kennysheep_generic_room_15, uniq_duvessa
Temple:   hellmonk_temple_beads

Skill      XL: |  1  2  3  4  5  6  7 |
---------------+----------------------+-----
Translocations | 1 2 |  2.4
Dodging        | 2 3 |  3.1
Fighting       | 1 2 |  2.4
Conjurations   | 2 3 |  3.7
Evocations     | 1 2 |  2.2
Staves         | 1 2 |  2.0
Summonings     | 2 |  2.7
Spellcasting   | 4 |  4.7
Air Magic      | 1 2 |  2.0
Earth Magic    | 1 |  1.8
Stealth        | |  1.7

Action                   |  1- 3 |  4- 6 |  7- 9 || total
-------------------------+-------+-------+-------++-------
Melee: Dagger            |    33 |       |       ||    33
       Hand axe          |    80 |       |       ||    80
       Punch             |     3 |       |     3 ||     6
       Staff             |     2 |    90 |    84 ||   176
       Headbutt          |       |    27 |    15 ||    42
 Cast: Magic Dart        |    21 |    31 |    22 ||    74
       Call Imp          |     2 |    11 |     6 ||    19
       Shock             |     4 |     7 |       ||    11
       Iskenderun's Myst |       |     1 |     3 ||     4
  Use: Scroll            |     1 |     6 |     2 ||     9
       Potion            |       |       |     5 ||     5
 Stab: Sleeping          |       |       |     1 ||     1
Armor: Robe              |     8 |       |       ||     8
       Leather armour    |    25 |    30 |    26 ||    81
Dodge: Dodged            |    78 |    66 |    46 ||   190

Table legend: (Time is in decaauts)
 A = Elapsed time spent in this place.
 B = Non-inter-level travel time spent in this place.
 C = Inter-level travel time spent in this place.
 D = Time resting spent in this place.
 E = Time spent auto-exploring this place.
 F = Levels seen in this place.
 G = Mean time per level.
                   A        B        C        D        E       F      G
               +--------+--------+--------+--------+--------+-----+--------+
         Total |   5880 |   5146 |    734 |    648 |   2724 |   7 |  840.0 |
       Dungeon |   5608 |   5040 |    568 |    648 |   2635 |   6 |  934.7 |
        Temple |    271 |    105 |    166 |      0 |     89 |   1 |  271.0 |
               +--------+--------+--------+--------+--------+-----+--------+

Top non-repeatable levels by time:
     D:5: 1634 daAuts
     D:4: 1394 daAuts
     D:3: 1038 daAuts
     D:2: 796 daAuts
     D:1: 740 daAuts
  Temple: 271 daAuts
     D:6: 4 daAuts
